 Dungeon Crawl Stone Soup version 0.16-a0-2930-gdd371d7 (webtiles) character file.

5370 RobertPalmer the Pannier (level 10, 0/44 HPs)
             Began as a Vine Stalker Artificer on Dec 3, 2014.
             Was an Initiate of Nemelex Xobeh.
             Slain by a shadow (5 damage)
             ... on level 8 of the Dungeon.
             The game lasted 00:24:55 (6722 turns).

RobertPalmer the Pannier (Vine Stalker Artificer)   Turns: 6722, Time: 00:24:55

Health: 0/44       AC: 10    Str: 15    XL:     10   Next: 66%
Magic:  0/25       EV: 17    Int: 12    God:    Nemelex Xobeh [......]
Gold:   327        SH:  0    Dex: 17    Spells: 0 memorised, 9 levels left

rFire  + . .     SeeInvis .     a - +2 spear (venom)
rCold  + . .     Clarity  +     L - +3 leather armour {rPois}
rNeg   . . .     SustAb   .     (no shield)
rPois  +         Gourm    .     Q - +0 helmet
rElec  .         Spirit   +     (no cloak)
rCorr  .         Warding  .     l - +2 pair of gloves
rMut   .         Stasis   .     (no boots)
MR     +....                    s - amulet of clarity
Stlth  ++........               D - +2 ring of evasion
                                J - ring "Ricraqey" {rF+ rC+ Slay+4}

@: somewhat resistant to hostile enchantments, unstealthy
A: fangs 3, regeneration 2, magic shield, antimagic bite, no device heal 3, rot
immunity
a: Renounce Religion


You were on level 8 of the Dungeon.
You worshipped Nemelex Xobeh.
Nemelex Xobeh was noncommittal.
You were not hungry.

You visited 2 branches of the dungeon, and saw 9 of its levels.

You collected 327 gold pieces.


Innate Abilities, Weirdness & Mutations

You have razor-sharp teeth.
You heal very quickly.
When hurt, damage is shared between your health and your magic reserves.
Your bite disrupts and absorbs the magic of your enemies.
Potions and wands cannot restore your health.
You are immune to rotting.


   Skills:
 - Level 0.8 Fighting
   Level 0.8 Short Blades
 + Level 5.1 Polearms
 - Level 6.4 Dodging
 - Level 1.2 Stealth
 - Level 12.3 Evocations


You had 9 spell levels left.
You didn't know any spells.

Inventory:

Hand weapons
 a - a +2 spear of venom (weapon)
 B - a +0 blowgun
 I - the +2 hand axe "Thinoxov" {chop, Str+2}
   (You found it on level 6 of the Dungeon)

   It inflicts extra damage upon your enemies.
   It affects your strength (+2).
Missiles
 q - a throwing net (quivered)
 G - 5 curare-tipped needles
Armour
 l - a +2 pair of gloves (worn)
 L - a +3 leather armour of poison resistance (worn)
 Q - a +0 helmet (worn)
Jewellery
 s - an amulet of clarity (around neck)
 y - an uncursed ring of fire
 D - a +2 ring of evasion (right hand)
 J - the ring "Ricraqey" (left hand) {rF+ rC+ Slay+4}
   (You found it on level 7 of the Dungeon)

   [ring of slaying]

   It affects your accuracy and damage with ranged weapons and melee attacks
   (+4).
   It protects you from fire.
   It protects you from cold.
Magical devices
 b - a wand of flame (4)
 c - a wand of enslavement (0)
 d - a wand of random effects (7)
 m - a wand of slowing (17)
 z - a wand of paralysis (0)
 C - a wand of cold (0)
Scrolls
 u - a scroll of remove curse
 M - a scroll of identify
Potions
 g - 2 potions of might {unknown}
 i - 3 potions of curing {unknown}
 o - a potion of poison {unknown}
 r - a potion of invisibility
 v - a potion of degeneration {unknown}
 w - a potion of magic {unknown}
 x - 2 potions of haste {unknown}
 A - 6 potions of heal wounds
 K - 2 potions of brilliance {unknown}
Books
 e - the Papyrus of Warped Curses
   (You found it on level 8 of the Dungeon)

   Spells                             Type                      Level
   a - Apportation                    Translocation                1
   b - Sure Blade                     Hexes/Charms                 2
   c - Dazzling Spray                 Conjuration/Hexes            3
   d - Confuse                        Hexes                        3
   e - Portal Projectile              Translocation                3
   f - Discord                        Hexes                        8
 k - a book of Ice
 O - a tome of Destruction
 P - a book of Summonings
Miscellaneous
 t - a plain deck of war
 H - a plain deck of destruction {drawn: 6}
Comestibles
 f - 3 bread rations
 h - 2 beef jerkies
 j - 5 meat rations
 n - 13 fruits
 E - 2 poisonous chunks of flesh {@w1}
 F - 2 chunks of flesh {@w1}

Dungeon Overview and Level Annotations

Branches:
Dungeon (8/15)             Temple (1/1) D:5
   Lair: D:8-11

Altars:
Ashenzari
Cheibriados
Dithmenos
Elyvilon
Fedhas
Gozag
Kikubaaqudgha
Makhleb
Nemelex Xobeh
Okawaru
Qazlal
Ru
Sif Muna
Trog
Vehumet
Xom
Yredelemnul
Zin
The Shining One

Shops:
D:4

}(}}*
...###########...#..#....#...#..#
...............#.........)...#..#
#############..#...#....#..#....#
#..#{..#...##..#...##
#..#...###.....#.)##
#..##.........##..#
#...#......####...#
#..{###...........#
#...f.#####.......#
#..............####
##............## ##############


There were no monsters in sight!


Message History

Aim: a shadow The shadow seems to slow down.
This wand has 7 charges left.
You puncture the shadow! You bite the shadow, but do no damage.
The shadow is heavily damaged.
The shadow slips into darkness.
The shadow flickers and vanishes!
Deactivating autopickup; reactivate with Ctrl-A.
You barely miss something.
The shadow strikes at you from the darkness!
* * * LOW HITPOINT WARNING * * *
Reactivating autopickup.
You hit the shadow. You bite the shadow. You drain its power.
You feel invigorated.
The shadow is almost destroyed.
You barely miss the shadow.
The shadow is almost destroyed.
The shadow slips into darkness.
The shadow flickers and vanishes!
Deactivating autopickup; reactivate with Ctrl-A.
Read which item? (? for menu, Esc to quit)
Okay, then.
Drink which item? (? for menu, Esc to quit)
Okay, then.
Evoke which item? (* to show all) (? for menu, Esc to quit)
You draw a card...
It is Pain.
You have drawn Pain.
Nothing appears to happen.
The shadow strikes at you from the darkness!
You die...
Your body disappears without a glow.

Action                   |  1- 3 |  4- 6 |  7- 9 | 10-12 || total
-------------------------+-------+-------+-------+-------++-------
Melee: Short sword       |   105 |     7 |       |       ||   112
       Dagger            |       |   130 |       |       ||   130
       Spear             |       |    22 |   422 |   110 ||   554
Evoke: Wand              |     2 |    10 |    18 |    25 ||    55
       Deck              |       |       |       |     6 ||     6
  Use: Scroll            |     1 |     4 |     4 |     7 ||    16
       Potion            |       |       |       |     2 ||     2
 Stab: Paralysed         |       |     3 |    34 |       ||    37
       Sleeping          |       |     2 |     5 |       ||     7
       Distracted        |       |       |     1 |       ||     1
  Eat: Chunk             |       |     6 |    10 |     2 ||    18
       Pizza             |       |       |     1 |       ||     1

Vault maps used:
D:1:      scummos_arrival_simple_fountains
D:4:      serial_shops, shop, nicolae_shop_crystal, shop, shop, shop
D:5:      minmay_overflow_temple_star_quad, nicolae_qazlal_general_emergency,
          lemuel_temple_firewalk_marked, first_bread
D:7:      erik_1, gammafunk_temple_overflow_wave
D:8:      david_nohive_1, minmay_radiant, uniq_grum, uniq_joseph
Temple:   circular_temple_13

Notes
Turn   | Place    | Note
--------------------------------------------------------------
     0 | D:1      | RobertPalmer, the Vine Stalker Artificer, began the quest for the Orb.
     0 | D:1      | Reached XP level 1. HP: 9/9 MP: 1/1
    65 | D:1      | Reached skill level 3 in Evocations
   178 | D:1      | Reached XP level 2. HP: 14/14 MP: 0/4
   390 | D:1      | Reached XP level 3. HP: 17/17 MP: 5/5
   496 | D:2      | Reached skill level 4 in Evocations
   745 | D:2      | Reached XP level 4. HP: 21/21 MP: 8/8
  1383 | D:3      | Reached skill level 5 in Evocations
  1386 | D:3      | Reached XP level 5. HP: 17/25 MP: 9/11
  2138 | D:4      | Found Qoxoustru's Weapon Shoppe.
  2179 | D:4      | Reached skill level 6 in Evocations
  2223 | D:4      | Found Kuruerax's Gadget Shop.
  2225 | D:4      | Found Seur's General Store.
  2260 | D:4      | Found Okaukkaov's Gadget Boutique.
  2367 | D:4      | Noticed a phantom
  2378 | D:4      | Killed a phantom
  2378 | D:4      | Gained mutation: You heal very quickly. [vine stalker growth]
  2378 | D:4      | Reached XP level 6. HP: 25/29 MP: 11/14
  2395 | D:4      | Reached skill level 7 in Evocations
  2427 | D:4      | Found Chuaph's Gadget Shop.
  2690 | D:5      | Entered Level 5 of the Dungeon
  2772 | D:5      | Reached XP level 7. HP: 30/32 MP: 17/17
  2839 | D:5      | Got a bloodstained falchion
  2840 | D:5      | Identified the cursed -1 falchion "Zirphejy" {slice, rF+ Str+3} (You found it on level 5 of the Dungeon)
  2947 | D:5      | Found a stormy altar of Qazlal.
  3118 | D:5      | Found an ancient bone altar of Kikubaaqudgha.
  3122 | D:5      | Found a shadowy altar of Dithmenos.
  3182 | D:5      | Reached skill level 8 in Evocations
  3603 | D:5      | Found a staircase to the Ecumenical Temple.
  3612 | Temple   | Entered the Ecumenical Temple
  3842 | D:5      | Found a glowing golden altar of the Shining One.
  4066 | D:6      | Reached skill level 9 in Evocations
  4120 | D:6      | Gained mutation: You have razor-sharp teeth. [vine stalker growth]
  4120 | D:6      | Reached XP level 8. HP: 37/37 MP: 21/21
  4544 | D:6      | Reached skill level 10 in Evocations
  4791 | D:6      | Got a slimy hand axe
  4792 | D:6      | Identified the +2 hand axe "Thinoxov" {chop, Str+2} (You found it on level 6 of the Dungeon)
  5057 | D:7      | Reached skill level 11 in Evocations
  5070 | D:7      | Reached XP level 9. HP: 27/40 MP: 20/24
  5102 | D:7      | Noticed Ijyb
  5130 | D:7      | Killed Ijyb
  5151 | D:7      | Reached skill level 12 in Evocations
  5494 | D:7      | Got a scorched amber ring
  5495 | D:7      | Identified the ring "Ricraqey" {rF+ rC+ Slay+4} (You found it on level 7 of the Dungeon)
  5545 | D:7      | Found a sacrificial altar of Ru.
  5545 | D:7      | Found a sparkling altar of Nemelex Xobeh.
  5549 | D:7      | Became a worshipper of Nemelex Xobeh the Trickster
  5569 | D:7      | Received a gift from Nemelex Xobeh
  5600 | D:7      | Reached skill level 2 in Dodging
  5724 | D:7      | Reached skill level 3 in Dodging
  6106 | D:8      | Noticed Joseph
  6127 | D:8      | Killed Joseph
  6127 | D:8      | Reached skill level 4 in Dodging
  6158 | D:8      | Identified the Papyrus of Warped Curses
  6181 | D:8      | Noticed Grum
  6194 | D:8      | Grum (ally) was killed
  6194 | D:8      | Your ally died
  6195 | D:8      | Reached skill level 5 in Dodging
  6195 | D:8      | Reached XP level 10. HP: 31/44 MP: 21/25
  6218 | D:8      | Reached skill level 6 in Dodging
  6418 | D:8      | Reached skill level 1 in Polearms
  6439 | D:8      | Noticed a manticore
  6456 | D:8      | Killed a manticore
  6456 | D:8      | Reached skill level 2 in Polearms
  6462 | D:8      | Reached skill level 3 in Polearms
  6479 | D:8      | Reached skill level 4 in Polearms
  6497 | D:8      | Received a gift from Nemelex Xobeh
  6685 | D:8      | Reached skill level 5 in Polearms
  6719 | D:8      | HP: 3/44 [something (20)]
  6722 | D:8      | Slain by a shadow

Vanquished Creatures
  A manticore (D:8)
  Joseph (D:8)
  A queen bee (D:8)
  A wyvern (D:8)
  4 humans (D:7)
  3 wolves (D:8)
  2 ice beasts
  2 ogres
  4 orc warriors
  2 centaurs
  9 killer bees (D:8)
  3 phantoms
  A giant frog (D:8)
  A gnoll sergeant (D:8)
  2 scorpions
  A jelly (D:8)
  A goliath beetle (D:7)
  2 crimson imps (D:6)
  A centaur zombie (D:6)
  4 hounds
  2 iguanas
  3 orc priests
  5 orc wizards
  9 worker ants
  4 sheep (D:7)
  Ijyb (D:7)
  A hound zombie (D:5)
  11 adders
  6 gnolls
  3 giant mites
  3 worms
  24 orcs
  A ball python (D:2)
  11 hobgoblins
  5 jackals
  11 kobolds
  6 quokkas
  21 bats
  2 giant cockroaches
  A giant cockroach zombie (D:6)
  3 giant geckos
  A giant gecko skeleton (D:7)
  3 giant newts
  A giant spore (D:8)
  11 goblins
  2 quokka skeletons
  18 rats
215 creatures vanquished.

Vanquished Creatures (collateral kills)
  2 orcs (D:6)
2 creatures vanquished.

Vanquished Creatures (others)
  A deep elf mage (D:8)
  Grum (D:8)
  A wolf (D:8)
  A centaur (D:8)
  8 killer bees (D:8)
  A hound (D:8)
  A gnoll (D:8)
  A giant cockroach (D:5)
  A giant newt (D:1)
16 creatures vanquished.

Grand Total: 233 creatures vanquished
